 Dungeon Crawl Stone Soup version 0.29-a0-824-gd827844252 (webtiles) character file.

Game seed: 7309090762388938715

23690 kevlar127 the Grappler (level 12, -1/195 HPs)
             Began as a Troll Berserker on July 9, 2022.
             Was a High Priest of Trog.
             Killed by divine providence
             ... invoked by an orc priest
              (14 damage)
             ... on level 2 of the Orcish Mines.
             The game lasted 00:56:08 (11359 turns).

kevlar127 the Grappler (Troll Berserker)           Turns: 11359, Time: 00:56:08

Health: -1/195     AC: 10    Str: 32    XL:     12   Next: 74%
Magic:  11/11      EV: 10    Int:  3    God:    Trog [*****.]
Gold:   984        SH:  0    Dex:  9    Spells: 11/11 levels left

rFire   + . .      SeeInvis +     - Unarmed
rCold   . . .      Faith    .   (no shield)
rNeg    . . .      Spirit   .   K - +0 swamp dragon scales
rPois   +          Reflect  .   d - +2 hat {SInv}
rElec   .          Harm     .   h - +1 cloak
rCorr   .          Rampage  .   (gloves unavailable)
Will    +....                   (boots unavailable)
Stlth   ..........              Q - amulet of Vitality {RegenMP++ Regen++}
HPRegen 2.82/turn               u - ring of protection from fire
MPRegen 0.92/turn               L - ring of willpower

@: berserking, on fire, corroded, glowing, very quick
A: large, unfitting armour, claws 3, regeneration 1, shaggy fur 1, tough skin 1
a: Renounce Religion, Berserk, Trog's Hand, Brothers in Arms


You were on level 2 of the Orcish Mines.
You worshipped Trog.
Trog was extremely pleased with you.
You visited 2 branches of the dungeon, and saw 13 of its levels.
You also visited: Sewer.

You collected 1271 gold pieces.
You spent 287 gold pieces at shops.

Inventory:

Missiles
 a - 5 boomerangs
 o - 18 poisoned darts
 p - 12 large rocks (quivered)
 w - 3 atropa-tipped darts
 P - 2 curare-tipped darts
Armour
 d - a +2 hat of see invisible (worn)
 h - a +1 cloak (worn)
 C - the +1 robe of Watchfulness {rElec Str+3 Dex+4}
   (You found it on level 4 of the Dungeon)

   Str:       It affects your strength (+3).
   Dex:       It affects your dexterity (+4).
   rElec:     It insulates you from electricity.
 K - +0 swamp dragon scales (worn)
Jewellery
 u - a ring of protection from fire (left claw)
 A - a +6 ring of strength
 I - a ring of see invisible
 L - a ring of willpower (right claw)
 Q - the amulet of Vitality (around neck) {RegenMP++ Regen++}
   (You found it on level 10 of the Dungeon)

   [amulet of magic regeneration]

   It increases your rate of magic regeneration.
   Regen:     It increases your rate of health regeneration.
Wands
 N - a wand of roots (12)
 U - a wand of flame (14)
 V - a wand of paralysis (6)
Scrolls
 e - a scroll of torment {unknown}
 f - a scroll of immolation {unknown}
 j - a scroll of silence {unknown}
 m - a scroll of brand weapon {unknown}
 t - a scroll of summoning {unknown}
 v - 2 scrolls of enchant armour
 y - a scroll of teleportation
 B - 2 scrolls of poison
 D - a scroll of vulnerability
 E - a scroll of noise
 F - 3 scrolls of amnesia
 J - 3 scrolls of fog
 M - a scroll of acquirement {unknown}
Potions
 b - 2 potions of berserk rage
 g - a potion of heal wounds
 i - 2 potions of cancellation {unknown}
 k - 9 potions of curing
 l - 2 potions of ambrosia {unknown}
 q - 4 potions of flight
 r - a potion of brilliance {unknown}
 s - 2 potions of invisibility {unknown}
 x - a potion of might
 z - 3 potions of mutation
 G - a potion of haste
 H - a potion of magic {unknown}
 O - 2 potions of degeneration {unknown}
 R - a potion of attraction {unknown}
 S - 3 potions of lignification


   Skills:
 + Level 11.4 Fighting
 + Level 8.3 Throwing
 - Level 3.0 Armour
 - Level 5.0 Dodging
 + Level 13.4 Unarmed Combat
 - Level 1.3 Evocations


You had 11 spell levels left.
You didn't know any spells.
Your spell library was empty.

Dungeon Overview and Level Annotations

Branches:
Dungeon (11/15)            Temple (0/1) D:5            Lair (0/6) D:9
    Orc (2/2) D:11            Elf (0/3) Orc:2         Sewer (visited)

Altars:
Cheibriados
Hepliaklqana
Makhleb
Qazlal
Uskayaw

Shops:
D:5 =   D:6 *[(   Orc:1 [   Orc:2 [


Innate Abilities, Weirdness & Mutations

You are too large for most types of armour.
You have claws for hands.
Your natural rate of healing is unusually fast.
You are covered in fur. (AC +1)
You have tough skin. (AC +1)


Message History

The sticky flame hits you but does no damage.
You are covered in liquid flames!
An orc priest comes into view. It is wielding a +0 war axe.
The orc high priest hits you from afar with a +0 trident!
* * * LOW HITPOINT WARNING * * *
You are covered in liquid flames!
* * * LOW HITPOINT WARNING * * *
The orc priest miscasts a cantrip.
The orc high priest hits you from afar with a +0 trident.
* * * LOW HITPOINT WARNING * * *
The orc warrior closely misses you.
You scratch the orc warrior.
The orc warrior is moderately wounded.
You are covered in liquid flames!
* * * LOW HITPOINT WARNING * * *
You scratch the orc warrior but do no damage.
Your claw misses the orc warrior.
The orc warrior is moderately wounded.
You are covered in liquid flames!
* * * LOW HITPOINT WARNING * * *
The orc high priest hits you from afar with a +0 trident!
* * * LOW HITPOINT WARNING * * *
The orc warrior hits you with a +0 hand axe!
* * * LOW HITPOINT WARNING * * *
The smoke demon gestures at you.
The sticky flame hits you but does no damage.
You are covered in liquid flames!
The orange demon barely misses you.
A red film seems to cover your vision as you go berserk!
You feel yourself moving faster!
You feel mighty!
You are covered in liquid flames!
* * * LOW HITPOINT WARNING * * *
The orange demon disappears in a puff of smoke!
The orc high priest hits you from afar with a +0 trident!
* * * LOW HITPOINT WARNING * * *
The orc warrior hits you with a +0 hand axe.
* * * LOW HITPOINT WARNING * * *
The orc priest invokes the aid of Beogh against you.
Beogh smites you!
You die...

........8...........^.....#.#
........8....................
............................#
8888}888...............##
8888.888..............#..
.........................
.........................
..#....................## .
.(#....@.......######## ..
#((...o3.)....#
...##.>ooo.......#
..#.......o..)...#
#......o.#o.)...#
#......)))....###
##......)).#### ###....))##
#....#)).#


You could see an orc high priest, a smoke demon (summoned), an orc warrior, 3
orc priests and 2 orc wizards.

Vanquished Creatures
  4 two-headed ogres
  An orc high priest (Orc:2)
  4 skeletal warriors (D:11)
  A deep elf pyromancer (D:9)
  An orc knight (D:11)
  2 deep elf zephyrmancers (D:10)
  An ugly thing (D:7)
  3 orc sorcerers
  3 manticores (D:7)
  6 cyclopes
  Maurice (D:9)
  An unseen horror (D:7)
  Maggie (D:6)
  A komodo dragon (D:11)
  3 trolls
  A slime creature (D:9)
  4 shadows
  2 wraiths (D:9)
  3 vampires
  7 yaks
  A wyvern (D:10)
  4 vampire mosquitoes (D:10)
  Eustachio (D:6)
  A steam dragon (D:8)
  Menkaure (D:5)
  2 wargs
  2 acid dragons
  2 water moccasins
  14 orc warriors
  2 ice beasts (D:7)
  A sky beast (D:7)
  A swamp drake (D:10)
  10 ogres
  9 centaurs
  A phantom (D:3)
  4 kobold brigands
  A bullfrog (D:7)
  2 necrophages (D:7)
  A gnoll sergeant (D:10)
  6 wights
  12 killer bees
  A crimson imp (D:10)
  A gnoll bouda (D:6)
  A hound (D:5)
  12 orc priests
  An iron imp (D:10)
  2 jellies (D:6)
  An iguana (D:5)
  16 orc wizards
  Natasha (twice) (D:3)
  Robin (D:3)
  15 adders
  12 gnolls
  2 river rats
  A shadow imp (D:10)
  5 white imps
  5 ufetubi
  9 worms
  2 dart slugs (D:3)
  59 orcs
  8 endoplasms
  7 giant cockroaches
  8 goblins
  10 hobgoblins
  A jackal (Sewer)
  3 quokkas
  2 ball pythons
  4 bats
  3 frilled lizards
  21 kobolds
  9 rats
352 creatures vanquished.

Vanquished Creatures (others)
  An orc wizard (Orc:2)
  An orc (Orc:2)
  4 toadstools (D:1)
6 creatures vanquished.

Grand Total: 358 creatures vanquished

Notes
Turn   | Place    | Note
-------+----------+-------------------------------------------
     0 | D:1      | kevlar127 the Troll Berserker began the quest for the Orb.
     0 | D:1      | Reached XP level 1. HP: 22/22 MP: 0/0
   469 | D:1      | Reached XP level 2. HP: 29/29 MP: 1/1
  1081 | D:2      | Reached XP level 3. HP: 6/36 MP: 2/2
  1168 | D:2      | Found a faded altar of an unknown god.
  1176 | D:2      | Reached ** piety under Trog
  1292 | D:3      | Noticed Robin
  1300 | D:3      | Killed Robin
  1373 | D:3      | Noticed Natasha
  1376 | D:3      | Killed Natasha
  1377 | D:3      | Reached XP level 4. HP: 45/45 MP: 3/3
  1754 | D:3      | Reached skill level 4 in Unarmed Combat
  1780 | D:3      | Reached XP level 5. HP: 51/53 MP: 4/4
  1859 | D:3      | Found a glowing drain.
  1864 | Sewer    | Entered a sewer
  1942 | Sewer    | Reached XP level 6. HP: 62/62 MP: 5/5
  1946 | Sewer    | Reached *** piety under Trog
  1979 | Sewer    | Found a white marble altar of Elyvilon.
  2179 | D:3      | Reached skill level 5 in Unarmed Combat
  2244 | D:3      | Reached XP level 7. HP: 70/70 MP: 6/6
  2426 | D:3      | Noticed Natasha
  2433 | D:3      | Killed Natasha
  2761 | D:4      | Reached skill level 1 in Throwing
  2801 | D:4      | Found a hazy altar of Hepliaklqana.
  3074 | D:4      | Identified the +1 robe of Watchfulness {rElec Str+3 Dex+4}
  3276 | D:5      | Entered Level 5 of the Dungeon
  3400 | D:5      | Found a staircase to the Ecumenical Temple.
  3476 | D:5      | Reached **** piety under Trog
  3491 | D:5      | Noticed Menkaure
  3500 | D:5      | Killed Menkaure
  3526 | D:5      | Found Gonenn's Jewellery Shop.
  3641 | D:5      | Reached XP level 8. HP: 75/79 MP: 7/7
  3856 | D:5      | Reached skill level 6 in Unarmed Combat
  3999 | D:6      | Reached skill level 5 in Fighting
  4017 | D:6      | Reached skill level 5 in Dodging
  4040 | D:6      | Found Baamnutek's General Store.
  4067 | D:6      | Noticed Eustachio
  4077 | D:6      | Killed Eustachio
  4099 | D:6      | Bought a scroll of amnesia for 49 gold pieces
  4099 | D:6      | Bought a potion of haste for 140 gold pieces
  4099 | D:6      | Bought a potion of might for 56 gold pieces
  4099 | D:6      | Bought a scroll of teleportation for 42 gold pieces
  4183 | D:6      | Noticed Maggie
  4189 | D:6      | Killed Maggie
  4337 | D:6      | Reached skill level 7 in Unarmed Combat
  4447 | D:6      | Found Mimpoly's Armour Boutique.
  4672 | D:6      | Found Bimukic's Weapon Shoppe.
  5170 | D:7      | Reached XP level 9. HP: 85/89 MP: 8/8
  5338 | D:7      | Reached skill level 5 in Throwing
  5403 | D:7      | Reached skill level 8 in Unarmed Combat
  5409 | D:7      | Reached ***** piety under Trog
  5456 | D:7      | Noticed a manticore
  5460 | D:7      | Found a runed translucent door.
  5549 | D:7      | Noticed a manticore
  5550 | D:7      | Noticed a two-headed ogre
  5550 | D:7      | Noticed a cyan ugly thing
  5550 | D:7      | Noticed a two-headed ogre
  5551 | D:7      | Noticed a manticore
  5551 | D:7      | Noticed a two-headed ogre
  5554 | D:7      | Noticed a troll
  5569 | D:7      | Killed a manticore
  5570 | D:7      | Reached skill level 9 in Unarmed Combat
  5572 | D:7      | Killed a two-headed ogre
  5573 | D:7      | Reached XP level 10. HP: 52/104 MP: 2/9
  5578 | D:7      | HP: 4/104 [cyan ugly thing (11)]
  5708 | D:7      | Killed a cyan ugly thing
  6081 | D:7      | Killed a two-headed ogre
  6082 | D:7      | Reached skill level 1 in Armour
  6082 | D:7      | Reached skill level 10 in Unarmed Combat
  6093 | D:7      | Killed a two-headed ogre
  6488 | D:7      | Killed a manticore
  6492 | D:7      | Identified the +5 long sword "Vutwigetal" {vorpal, Drain
                  | rN+ Str+3 Stlth+}
  6542 | D:7      | Identified the +5 mace of Jiesygaa {vorpal, rElec rC- Str+3
                  | SInv}
  6610 | D:7      | Killed a manticore
  6714 | D:8      | Reached XP level 11. HP: 115/115 MP: 10/10
  6829 | D:8      | Reached skill level 11 in Unarmed Combat
  7337 | D:9      | Noticed Maurice
  7485 | D:9      | Killed Maurice
  7703 | D:9      | Found a staircase to the Lair.
  7887 | D:9      | Found a burning altar of Makhleb.
  7887 | D:9      | Noticed a blizzard demon
  7938 | D:9      | Noticed a deep elf pyromancer
  7942 | D:9      | Killed a deep elf pyromancer
  8121 | D:9      | Reached skill level 1 in Evocations
  8237 | D:9      | Found a snail-covered altar of Cheibriados.
  8238 | D:9      | Found a hide-covered altar of Uskayaw.
  8289 | D:10     | Entered Level 10 of the Dungeon
  8319 | D:10     | Reached skill level 10 in Fighting
  8414 | D:10     | Noticed a two-headed ogre
  8419 | D:10     | Killed a two-headed ogre
  8511 | D:10     | Reached skill level 12 in Unarmed Combat
  8734 | D:10     | Found the amulet of Vitality {RegenMP++ Regen++}
  8995 | D:10     | Noticed a deep elf zephyrmancer
  8999 | D:10     | Killed a deep elf zephyrmancer
  9049 | D:10     | Noticed a deep elf zephyrmancer
  9053 | D:10     | Killed a deep elf zephyrmancer
  9055 | D:10     | Identified the +0 hat "Bygideyff" {Str+4}
  9437 | D:11     | Found a staircase to the Orcish Mines.
  9534 | D:11     | Noticed a skeletal warrior
  9534 | D:11     | Noticed a skeletal warrior
  9538 | D:11     | Reached XP level 12. HP: 99/127 MP: 11/11
  9665 | D:11     | HP: 4/128 [skeletal warrior/+0 scimitar (7)]
  9695 | D:11     | HP: 1/128 [skeletal warrior/+0 glaive (18)]
  9977 | D:11     | Found a stormy altar of Qazlal.
 10255 | Orc:1    | Entered Level 1 of the Orcish Mines
 10273 | D:11     | HP: 9/192 [orc knight/+0 long sword (17)]
 10379 | Orc:1    | Received a gift from Trog
 10394 | Orc:1    | Reached skill level 13 in Unarmed Combat
 10547 | Orc:1    | Found Esufeomuo's Armour Shoppe.
 10740 | Orc:2    | Entered Level 2 of the Orcish Mines
 10787 | Orc:2    | Paralysed by an orc sorcerer for 5 turns
 11256 | Orc:2    | Found a staircase to the Elven Halls.
 11263 | Orc:2    | Noticed an orc high priest
 11275 | Orc:2    | Killed an orc high priest
 11314 | Orc:2    | Found Ziugrir's Armour Shop.
 11326 | Orc:2    | Noticed an orc high priest
 11359 | Orc:2    | Killed from afar by an orc priest

Illustrated notes

Levels and vault maps discovered:
D:1:      ldierk_walled_garden_2, layout_basic, chequers_arboretum
D:2:      layout_rooms, hellmonk_ecumenical_altar_arch_garden,
          minmay_misc_feat_alley
D:3:      minmay_diamond_boxcup, layout_loops_corners,
          lightli_sewer_entry_pipes, minmay_randomly_rotated_circles,
          uniq_robin, uniq_natasha
D:4:      layout_cave_pools, mainiacjoe_overflow_paths
D:5:      layout_gridville, temple_doors_ab, serial_shops,
          kennysheep_little_box, uniq_menkaure
D:6:      layout_basic, serial_shops, nicolae_shop_competitors_out_of_business,
          nicolae_lakefront_shop, shop_statue, uniq_maggie, uniq_eustachio
D:7:      minmay_the_grid_triangle_9x9_rhombus_thin
          [minmay_the_grid_triangle_9x9_corruption,
          minmay_the_grid_triangle_9x9_prize_insulated,
          minmay_the_grid_triangle_9x9_subtriangle,
          minmay_the_grid_triangle_9x9_thin_v], layout_basic, st_stairs_11,
          minivault_1
D:8:      layout_loops_ring
D:9:      layout_cave_pools, makhleb_altar_promises_db,
          gammafunk_temple_overflow_pools, lair_entry_dummy,
          minmay_diamond_spiral, uniq_maurice
D:10:     layout_loops_ring, nicolae_sextant, minivault_27,
          hangedman_minor_magic
D:11:     layout_cave_pools, orc_0_dummy, nicolae_qazlal_scattered_showers
Orc:1:    layout_caves, serial_shops, nicolae_shop_stone
Orc:2:    st_orc_congregation, layout_caves, basic_altar, serial_shops,
          shop_statue, hellmonk_bongcloud_opening

Skill      XL: |  1  2  3  4  5  6  7  8  9 10 11 12 |
---------------+-------------------------------------+-----
Fighting       | 3 4 6 8 9 10 11 | 11.4
Dodging        | 3 4 5 |  5.0
Unarmed Combat | 4 5 7 9 10 12 13 | 13.4
Throwing       | 2 4 5 6 8 |  8.3
Armour         | 3 |  3.0
Evocations     | 1 |  1.3

Action                   |  1- 3 |  4- 6 |  7- 9 | 10-12 || total
-------------------------+-------+-------+-------+-------++-------
Melee: Unarmed           |    87 |   109 |   279 |   475 ||   950
       Punch             |     1 |     4 |    13 |    31 ||    49
Throw: Dart              |       |       |       |    23 ||    23
       Boomerang         |       |       |       |    35 ||    35
       Large rock        |       |       |       |    56 ||    56
Invok: Trog's Hand       |       |       |     1 |     6 ||     7
       Berserk           |       |       |       |     6 ||     6
  Use: Scroll            |       |       |       |    13 ||    13
       Potion            |       |       |       |     4 ||     4
 Stab: Sleeping          |       |     2 |     1 |       ||     3
Armor: Animal skin       |    34 |    31 |    20 |       ||    85
       Robe              |       |       |    34 |       ||    34
       Swamp dragon scal |       |       |    56 |   228 ||   284
Dodge: Dodged            |    42 |    55 |   156 |   220 ||   473

Table legend: (Time is in decaauts)
 A = Elapsed time spent in this place.
 B = Non-inter-level travel time spent in this place.
 C = Inter-level travel time spent in this place.
 D = Time resting spent in this place.
 E = Time spent auto-exploring this place.
 F = Levels seen in this place.
 G = Mean time per level.
                   A        B        C        D        E       F      G
               +--------+--------+--------+--------+--------+-----+--------+
         Total |  11361 |  10912 |    449 |   1455 |   7235 |  14 |  811.5 |
       Dungeon |  10127 |   9697 |    430 |   1136 |   6691 |  11 |  920.6 |
  Orcish Mines |   1051 |   1032 |     19 |    319 |    416 |   2 |  525.5 |
         Sewer |    183 |    183 |      0 |      0 |    127 |   1 |  183.0 |
               +--------+--------+--------+--------+--------+-----+--------+

Top non-repeatable levels by time:
     D:7: 1580 daAuts
     D:3: 1231 daAuts
    D:10: 1195 daAuts
     D:6: 1098 daAuts
     D:1: 898 daAuts
    D:11: 817 daAuts
     D:9: 813 daAuts
     D:8: 778 daAuts
   Orc:1: 765 daAuts
     D:5: 704 daAuts
     D:4: 617 daAuts
     D:2: 392 daAuts
   Orc:2: 285 daAuts
   Sewer: 183 daAuts
